 Dungeon Crawl Stone Soup version 0.31.0-4-g52a2dc7128 (webtiles) character file.

Game seed: 8880267984579715435

32 Xavori the Trooper (level 3, 0/23 (30) HPs)
             Began as a Djinni Chaos Knight on Jan 22, 2024.
             Was a Plaything of Xom.
             Slain by a gnoll
             ... wielding a +0 spear
              (7 damage)
             ... on level 2 of the Dungeon.
             The game lasted 00:01:30 (9594 turns).

Xavori the Trooper (Djinni Chaos Knight)            Turns: 9594, Time: 00:01:30

HP:   0/23 (30)     AC:  5    Str:  8 (9)  XL:     3   Next: 42%
Gold: 39            EV: 11    Int: 20 (21) God:    Xom [..*...] SH:  0 Dex: 12

rFire   + + .        d - +2 falchion (holy)
rCold   x . .        (no shield)
rNeg    . . .        b - +2 leather armour
rPois   ∞            (no helmet)
rElec   .            (no cloak)
rCorr   .            (no gloves)
SInv    .            (boots unavailable)
Will    .....        (no amulet)
Stlth   +            (no ring)
HPRegen 0.23/turn    (no ring)
MPRegen 0.00/turn

%: infuse magic (-1 HP)
@: flying, heavily drained
A: sickness immunity, fire resistance 2, cold vulnerability 1, float, innate
caster, HP casting, extra vitality 1, clever 2, inability to drink after injury
1
a: Renounce Religion


You were on level 2 of the Dungeon.
You worshipped Xom.
You were a toy of Xom.
You visited 1 branch of the dungeon, and saw 2 of its levels.

You collected 39 gold pieces.

Inventory:

Hand Weapons
 d - a +2 falchion of holy wrath (weapon)
Armour
 b - a +2 leather armour (worn)
Scrolls
 a - a scroll of fog {unknown}
 c - a scroll of butterflies
 f - a scroll of revelation {unknown}
 h - a scroll of enchant weapon {unknown}
Potions
 e - a potion of heal wounds {unknown}
 g - a potion of curing {unknown}


   Skills:
 + Level 3.2 Fighting
 + Level 3.0 Long Blades
 + Level 1.8 Armour
 + Level 2.3 Dodging
 * Level 0.4 Spellcasting
 * Level 0.4 Conjurations
 * Level 0.4 Hexes
 * Level 0.4 Summonings
 * Level 0.4 Necromancy
 * Level 0.4 Translocations
 * Level 0.4 Fire Magic
 * Level 0.4 Ice Magic
 * Level 0.4 Air Magic
 * Level 0.4 Earth Magic
 * Level 0.4 Alchemy


You knew the following spells:

 Your Spells              Type           Power      Damage    Failure   Level
a - Slow                  Hex            8%         N/A       22%         1
Your spell library was empty.

Dungeon Overview and Level Annotations

Branches:
Dungeon (2/15)

Altars:


Innate Abilities, Weirdness & Mutations

You are immune to sickness and miasma.
You are immune to poison.
Your flesh is very heat resistant. (rF++)
You are vulnerable to cold. (rC-)
You float through the air rather than walking.
You learn spells naturally, not from books.
Your magical power is your life essence.
You have superior vitality. (+4 MHP)
Your mind is very acute. (Int +8, Str/Dex -2)
You occasionally lose the ability to drink potions when taking damage.


Message History

The gnoll is heavily wounded.
You barely miss the gnoll.
The gnoll is heavily wounded.
You barely miss the gnoll.
The gnoll is heavily wounded.
You hear Xom's maniacal laughter.
You are now a toy of Xom.
The gnoll barely misses you.
You hit the gnoll.
The gnoll is severely wounded.
The gnoll hits you with a +0 whip. The endoplasm barely misses you.
The gnoll hits you with a +0 whip.
You closely miss the gnoll.
The gnoll is severely wounded.
Xom grants you insight.
You detect items!
The endoplasm freezes you.
You are frozen.
You feel a terrible chill!
Xom is mildly amused.
The gnoll hits you but does no damage.
You hit the endoplasm but do no damage.
The endoplasm hits you but does no damage.
The gnoll hits you but does no damage.
You hit the endoplasm.
The endoplasm is moderately wounded.
Xom's power flows through you!
The endoplasm blinks!
The endoplasm appears confused.
The gnoll disappears!
The bat hits you but does no damage.
Unknown command.
You hit the bat.
You kill the bat!
The bat's corpse degenerates into a cloud of primal chaos!
The gnoll hits you with a +0 club.
The gnoll hits you from afar with a +0 spear.
* * * LOW HITPOINT WARNING * * *
The gnoll closely misses you.
You closely miss the quokka.
The endoplasm seems less confused.
The quokka closely misses you.
The gnoll hits you from afar with a +0 spear!
You die...
Xom chortles!

..#........###.........#
..........###.........#
##...#......##.........#
#....#.......#.........#
####....#.....#.##.......##
<.....†######...........##
##.J.## #........####
##.....####........#
#......gg@rK.......#
###......g###........#
...........# #........#
.....#.....## ##########
..#.$.....g†# .
###..........# #.......##.#
##.$...## # #.....##


You could see 3 gnolls, an endoplasm (summoned), a quokka (summoned) and a
kobold (summoned).

Vanquished Creatures
  A dart slug (D:1)
  A bat (D:1)
  2 endoplasms (D:1)
  4 goblins (D:1)
  2 hobgoblins
  3 jackals (D:2)
  A quokka (D:1)
  4 frilled lizards
  4 kobolds
  4 rats
26 creatures vanquished.

Vanquished Creatures (collateral kills)
  A hobgoblin (D:1)
1 creature vanquished.

Grand Total: 27 creatures vanquished

Notes
Turn   | Place    | Note
-------+----------+-------------------------------------------
     0 | D:1      | Xavori the Djinni Chaos Knight began the quest for the Orb.
     0 | D:1      | Reached XP level 1. HP: 20/20 MP: 0/0
    95 | D:1      | Reached XP level 2. HP: 16/25 MP: 0/0
   367 | D:1      | Reached XP level 3. HP: 26/30 MP: 0/0
   367 | D:1      | Learned a level 1 spell: Slow
   407 | D:1      | XOM: silly message
  1994 | D:1      | XOM: divination: magic mapping
  2146 | D:1      | XOM: silly message
  2413 | D:1      | XOM: draining
  2773 | D:1      | XOM: give mutations
  2773 | D:1      | Gained mutation: Your mind is acute. (Int +4, Str/Dex -1)
                  | [Xom's mischief]
  2773 | D:1      | Gained mutation: You passively dampen the noise of your
                  | surroundings. [Xom's mischief]
  3550 | D:1      | XOM: silly message
  3657 | D:1      | XOM: give mutations
  3657 | D:1      | Gained mutation: Your flesh is almost immune to the effects
                  | of heat. (rF+++) [Xom's mischief]
  3657 | D:1      | Gained mutation: Your mind is very acute. (Int +8, Str/Dex
                  | -2) [Xom's mischief]
  3657 | D:1      | Lost mutation: Your flesh is almost immune to the effects
                  | of heat. (rF+++) [Xom's mischief]
  5663 | D:1      | XOM is BORED!
  5663 | D:1      | XOM: give mutation
  5663 | D:1      | Gained mutation: You occasionally lose the ability to drink
                  | potions when taking damage. [Xom's mischief]
  6484 | D:1      | XOM: summons 3 hostile shadow creatures
  6964 | D:1      | XOM: stat loss: -1 Int (20/21)
  7335 | D:1      | XOM: draining
  7431 | D:1      | XOM: torment (11/20 hp)
  7838 | D:1      | XOM is BORED!
  7838 | D:1      | XOM: stat loss: -1 Str (8/9)
  8105 | D:1      | XOM: give mutation
  8105 | D:1      | Lost mutation: You passively dampen the noise of your
                  | surroundings. [Xom's mischief]
  9311 | D:1      | XOM: silly message
  9385 | D:1      | XOM: silly message
  9446 | D:2      | XOM is BORED!
  9446 | D:2      | XOM: confusion
  9588 | D:2      | XOM: summons 4 hostile shadow creatures
  9590 | D:2      | XOM: divination: detect items
  9592 | D:2      | XOM: cast spell 'Dispersal'
  9594 | D:2      | Slain by a gnoll

Illustrated notes

Levels and vault maps discovered:
D:1:      co_arrival_two_rings, layout_basic
D:2:      layout_rooms, serial_shops, nicolae_shop_real_fake_doors

Skill      XL: |  1  2 |
---------------+-------+-----
Long Blades    | 3 |  3.0
Fighting       | |  3.2
Armour         | |  1.8
Dodging        | |  2.3
Spellcasting   | |  0.4
Conjurations   | |  0.4
Hexes          | |  0.4
Summonings     | |  0.4
Necromancy     | |  0.4
Translocations | |  0.4
Fire Magic     | |  0.4
Ice Magic      | |  0.4
Air Magic      | |  0.4
Earth Magic    | |  0.4
Alchemy        | |  0.4

Action                     || total
---------------------------++-------
  Melee: Falchion          ||    84
         Punch             ||     1
 Armour: Leather armour    ||    55
  Dodge: Dodged            ||    71
